Map: Frozen Temple

Players

Nickos - Winner!

  • Race: Zerg Zerg
  • League: Gold

emericanzero

  • Race: Zerg Zerg
  • League: Silver

VOD

Have the link to the VOD?

Description

Time

  • Played on: Sept. 22, 2016, 6:52 a.m.
  • Length: 16:06
Show
View Real Time Build Order
Export as new Build Order

Nickos Zerg - Winner!

Build Orders: Hatch First, Lurkers 

Get SALT Encoding   

  12  0:00  Drone  
  13  0:12  Overlord  
  13  0:20  Drone  
  14  0:31  Drone x2  
  16  0:51  Hatchery  
  16  0:55  Drone  
  16  0:56  Drone  
  17  1:11  Spawning Pool  
  17  1:15  Drone  
  17  1:20  Extractor  
  16  1:26  Drone x2  
  16  1:30  Drone  
  19  1:41  Drone  
  20  1:52  Drone  
  21  2:02  Queen  
  21  2:03  Queen  
  21  2:05  Drone x2  
  27  2:11  Overlord  
  27  2:24  Metabolic Boost  
  27  2:26  Drone  
  27  2:29  Drone x2  
  30  2:35  Overlord x2  
  30  2:56  Drone  
  30  2:57  Drone x2  
  32  3:07  Drone  
  32  3:08  Drone x2  
  35  3:16  Roach Warren  
  35  3:17  Drone x6, Extractor  
  39  3:25  Zergling x2  
  39  3:26  Zergling x2  
  41  3:31  Overlord  
  41  3:32  Queen  
  43  3:35  Queen  
  45  3:52  Spore Crawler  
  44  3:55  Spore Crawler  
  43  4:10  Lair  
  43  4:15  Queen  
  45  4:18  Hatchery  
  44  4:33  Zergling x30  
  59  4:53  Zergling x2  
  60  5:03  Overlord x3  
  60  5:04  Overlord  
  54  5:35  Glial Reconstitution  
  54  5:38  Queen x2, Evolution Chamber  
  57  6:07  Hydralisk Den  
  56  6:15  Drone x6  
  56  6:16  Drone x3  
  56  6:17  Drone x12  
  77  6:19  Overlord  
  77  6:20  Overlord x2  
  77  6:41  Lurker Den  
  77  6:43  Hydralisk x2  
  77  6:44  Hydralisk x4  
  89  6:48  Drone  
  89  6:50  Hydralisk  
  89  6:51  Hydralisk  
  89  6:53  Hydralisk  
  96  7:08  Overlord x2  
  96  7:09  Overlord  
  96  7:11  Hydralisk x4  
  96  7:15  Zerg Missile Weapons Level 1  
  104  7:22  Hydralisk  
  106  7:27  Zergling x16  
  114  7:47  Hydralisk x3  
  114  7:49  Overlord  
  114  7:50  Overlord x2  
  120  7:53  Hatchery  
  119  8:02  Hydralisk  
  119  8:05  Overlord x2  
  121  8:06  Overlord, Hydralisk  
  121  8:10  Extractor  
  121  8:11  Extractor  
  121  8:14  Extractor  
  121  8:15  Hydralisk  
  121  8:18  Zergling x18  
  131  8:29  Hydralisk  
  133  8:39  Spine Crawler  
  132  8:43  Lurker  
  132  8:44  Spine Crawler  
  120  8:56  Hydralisk  
  120  9:01  Hydralisk  
  84  9:12  Overseer  
  84  9:18  Zergling x20  
  94  9:30  Hydralisk x2  
  98  9:43  Hydralisk  
  97  9:48  Hydralisk  
  93  9:57  Drone x6  
  93  9:58  Hydralisk  
  101  10:09  Lurker  
  102  10:14  Hydralisk x2  
  106  10:28  Lurker  
  107  10:29  Hydralisk  
  107  10:34  Overseer  
  94  10:43  Roach  
  94  10:44  Zergling x10  
  94  10:45  Zergling x28  
  110  11:02  Hydralisk x4  
  113  11:16  Hydralisk  
  113  11:17  Hydralisk x4  
  110  11:26  Hydralisk x2  
  114  11:33  Hydralisk  
  114  11:34  Zergling x10  
  114  11:53  Hydralisk x4  
  119  11:54  Zergling x4  
  119  11:55  Zergling x4  
  117  12:04  Zergling x8  
  114  12:18  Overseer x2  
  114  12:20  Zergling x8  
  118  12:22  Overlord  
  118  12:23  Overlord x3  
  116  12:33  Zergling x6  
  119  12:53  Hydralisk x7  
  117  13:19  Zergling x2  
  112  13:23  Zergling x4  
  112  13:24  Zergling x2  
  112  13:25  Zergling x12  
  109  13:31  Zergling x6  
  110  13:41  Hydralisk x4  
  110  13:45  Overlord  
  118  13:49  Drone x2  
  118  13:55  Lurker  
  121  13:56  Lurker  
  121  13:57  Lurker  
  121  14:00  Hydralisk x4  
  131  14:09  Hydralisk x4  
  139  14:39  Hydralisk x6  
  139  14:40  Hydralisk x2  
  155  14:54  Zergling x10  
  147  15:23  Hydralisk  
  147  15:24  Hydralisk x5  
  158  15:37  Zergling x2  
  158  15:41  Overlord x3  
  158  15:42  Overlord  
Show
View Real Time Build Order
Export as new Build Order

emericanzero Zerg 

Build Orders: Pool First 

Get SALT Encoding   

  12  0:01  Drone  
  13  0:07  Drone  
  14  0:17  Overlord  
  14  0:31  Drone, Extractor  
  14  0:35  Drone x2, Extractor  
  15  0:44  Drone  
  16  0:55  Drone  
  17  1:01  Spawning Pool  
  16  1:06  Drone  
  17  1:25  Hatchery  
  16  1:28  Drone  
  17  1:32  Drone  
  17  1:38  Drone  
  19  1:50  Drone  
  20  1:54  Spine Crawler  
  20  1:58  Spine Crawler  
  18  2:09  Lair  
  18  2:13  Drone  
  19  2:18  Drone  
  19  2:22  Drone  
  21  2:30  Metabolic Boost  
  21  2:36  Drone  
  22  2:46  Queen  
  24  2:57  Overlord  
  24  3:01  Drone  
  25  3:11  Overlord x2  
  25  3:17  Drone x2  
  25  3:19  Drone  
  28  3:29  Hydralisk Den  
  28  3:30  Drone  
  28  3:36  Drone  
  28  3:37  Drone  
  30  3:46  Spine Crawler  
  29  3:51  Spine Crawler  
  28  3:57  Drone, Spine Crawler  
  28  4:00  Drone  
  28  4:01  Drone  
  30  4:04  Drone  
  31  4:12  Lurker Den  
  31  4:15  Drone  
  32  4:18  Drone  
  32  4:20  Drone  
  32  4:22  Drone  
  35  4:25  Drone  
  35  4:30  Drone x2  
  38  4:32  Drone  
  38  4:34  Drone  
  38  4:36  Drone  
  38  4:38  Drone  
  42  4:40  Drone  
  43  4:49  Drone  
  44  4:58  Overlord  
  44  5:05  Drone, Extractor  
  44  5:06  Extractor  
  43  5:07  Hatchery  
  43  5:11  Drone x2  
  44  5:17  Drone x4  
  48  5:22  Drone  
  48  5:23  Spine Crawler  
  48  5:29  Hydralisk  
  50  5:36  Hydralisk  
  52  5:46  Overlord x3  
  52  5:56  Muscular Augments  
  52  6:03  Queen  
  54  6:19  Hydralisk x5  
  54  6:20  Spine Crawler, Hydralisk x4  
  71  6:27  Hydralisk, Spire  
  72  6:33  Queen  
  72  6:35  Drone x2  
  72  6:36  Drone  
  77  6:44  Hydralisk x2  
  81  6:48  Overlord  
  81  6:55  Lurker  
  82  7:07  Hydralisk x3  
  82  7:08  Hydralisk  
  90  7:23  Overlord x4  
  90  7:29  Extractor x2  
  88  7:34  Hydralisk  
  90  7:46  Hatchery, Hydralisk x5  
  90  7:47  Hydralisk  
  101  7:55  Mutalisk x3  
  107  8:03  Mutalisk  
  107  8:04  Mutalisk  
  111  8:06  Drone x2  
  111  8:10  Drone x2  
  111  8:11  Drone  
  116  8:13  Drone  
  116  8:16  Drone  
  118  8:27  Hydralisk x2  
  122  8:37  Overlord x3  
  122  8:38  Overlord  
  116  8:55  Hydralisk x2  
  116  8:56  Hydralisk x4  
  102  9:10  Hydralisk x4  
  102  9:15  Overseer  
  110  9:19  Zerg Flyer Weapons Level 1  
  110  9:21  Mutalisk  
  112  9:29  Drone x2  
  112  9:30  Drone x4  
  118  9:31  Drone  
  118  9:33  Drone  
  119  9:51  Hydralisk  
  119  9:52  Spine Crawler, Hydralisk x3  
  125  9:58  Hydralisk x2  
  129  10:13  Hydralisk x4  
  129  10:14  Hydralisk  
  135  10:21  Hydralisk x3  
  145  10:29  Hydralisk x2  
  125  10:45  Hydralisk x5  
  108  10:50  Hydralisk x2  
  108  11:12  Hydralisk x6  
  108  11:13  Hydralisk  
  108  11:18  Hydralisk  
  92  11:25  Zergling x2  
  92  11:26  Zergling x10  
  92  11:42  Overseer  
  90  11:51  Hydralisk  
  90  11:52  Hydralisk x6  
  92  12:04  Hydralisk x4  
  84  12:10  Hydralisk x2  
  88  12:20  Drone x2  
  88  12:21  Drone x5  
  95  12:29  Overseer  
  92  12:32  Hydralisk x2  
  92  12:33  Hydralisk  
  91  12:42  Spine Crawler  
  91  12:43  Drone  
  91  12:44  Drone, Spine Crawler  
  83  12:47  Mutalisk  
  78  12:53  Mutalisk  
  78  12:55  Mutalisk  
  77  13:12  Hydralisk x2  
  75  13:22  Hydralisk x2  
  43  13:48  Overseer  
  43  13:56  Mutalisk  
  45  14:11  Hatchery  
  44  14:20  Drone x4  
  48  14:28  Mutalisk  
  50  14:35  Lurker  
  51  14:46  Mutalisk  
  39  15:17  Hydralisk x3  
  35  15:37  Nydus Network  
  35  15:38  Hydralisk  
Tags
 
Composition
Lurkers
Matchup
ZvZ
Race
Zerg
Replay Pack
Nickos replay
Add a new tag
Caveats
  • Supply blocks, unpowered buildings, or Contaminate may cause inaccurate times.
  • Supply counts are checked every 10 seconds.